 Dungeon Crawl Stone Soup version 0.17-a0-968-gf8e1f1d (webtiles) character file.

48 inmateoo the Sneak (level 3, -10/24 HPs)
             Began as a Vampire Enchanter on May 9, 2015.
             Mangled by Crazy Yiuf
             ... wielding a +3 quarterstaff of chaos
              (14 damage)
             ... on level 2 of the Dungeon.
             The game lasted 00:04:42 (1631 turns).

inmateoo the Sneak (Vampire Enchanter)              Turns: 1631, Time: 00:04:42

Health: -10/24     AC:  9    Str:  7    XL:     3   Next: 50%
Magic:  3/6        EV: 13    Int: 20    God:
Gold:   37         SH:  0    Dex: 17    Spells: 3 memorised, 0 levels left

rFire  . . .     SeeInvis +     l - +0 short sword (protect)
rCold  . . .     Clarity  .     b - +1 robe
rNeg   + . .     SustAb   .     (no shield)
rPois  .         Gourm    .     (no helmet)
rElec  .         Spirit   .     (no cloak)
rCorr  +         Warding  .     g - +0 pair of gloves {Dex+3}
rMut   .         Stasis   .     (no boots)
MR     .....                    f - amulet of resist corrosion
Stlth  +++.......               (no ring)
                                e - +2 ring of intelligence

@: very slightly contaminated, invisible, not resistant to hostile enchantments,
fairly stealthy
A: fangs 3, see invisible, unbreathing
a: Bat Form


You were on level 2 of the Dungeon.
You were not thirsty.

You visited 1 branch of the dungeon, and saw 2 of its levels.

You collected 37 gold pieces.

Inventory:

Hand weapons
 a - a +1 dagger
 l - a +0 short sword of protection (weapon)
Armour
 b - a +1 robe (worn)
 g - a +0 pair of gloves of dexterity (worn)
Jewellery
 e - a +2 ring of intelligence (left hand)
 f - an amulet of resist corrosion (around neck)
Scrolls
 h - a scroll of fog {unknown}
 i - 3 scrolls of teleportation
 j - a scroll of remove curse
Potions
 d - 2 potions of blood
 m - 2 potions of heal wounds {unknown}
Books
 c - a book of Maledictions

   Spells                             Type                      Level
   a - Corona                         Hexes                        1
   b - Ensorcelled Hibernation        Hexes/Ice                    2
   c - Confuse                        Hexes                        3
   d - Tukima's Dance                 Hexes                        3
   e - Dazzling Spray                 Conjuration/Hexes            3


   Skills:
 + Level 0.1 Fighting
 * Level 1.5 Short Blades
 + Level 2.5 Dodging
 + Level 5.2 Stealth
 + Level 2.2 Spellcasting
 * Level 5.0 Hexes
 + Level 0.6 Ice Magic


You couldn't memorise any spells.
You knew the following spells:

 Your Spells              Type           Power        Failure   Level  Hunger
a - Corona                Hex            ###....      1%          1    #......
b - Ensorcelled Hibernat  Hex/Ice        ##....       10%         2    ##.....
c - Confuse               Hex            ###.....     8%          3    ###....


Dungeon Overview and Level Annotations

Branches:
Dungeon (2/15)

Altars:

Annotations:
D:2 Crazy Yiuf


Innate Abilities, Weirdness & Mutations

You have razor-sharp teeth.
You have supernaturally acute eyesight.
You can survive without breathing.


Message History

Casting: Ensorcelled Hibernation
Confirm with . or Enter, or press ? or * to list all spells.
Aiming: Confuse
Press: ? - help, Shift-Dir - straight line, f - Crazy Yiuf
Aim: Crazy Yiuf, wielding a quarterstaff of chaos and wearing a cloak (chance 61%)
You miscast Confuse.
Nothing appears to happen.
Crazy Yiuf closely misses you.
You hit Crazy Yiuf.
Crazy Yiuf is moderately wounded.
Crazy Yiuf barely misses you.
You catch the helpless Crazy Yiuf completely off-guard!
You puncture Crazy Yiuf!
Crazy Yiuf is severely wounded.
You hit Crazy Yiuf but do no damage.
Crazy Yiuf is severely wounded.
Crazy Yiuf barely misses you.
You hit Crazy Yiuf.
Crazy Yiuf is almost dead.
Crazy Yiuf hits you with a quarterstaff of chaos!
Ouch! That really hurt!
You die...

#.......##........†..#
#........#.####.#<...#
#..........####.#....#
#...............#....#
#........#......#....#
#...............#.....
#.......###.....#..(..
###....## #.....'.....
#.g@.# #.....#.....
♣....♣ #.....#.....
♣♣)..♣ #.....#.....
♣♣.♣♣ #.....#..... ♣♣.
#######..... ♣ #.....
#..... ###### #


You could see Crazy Yiuf.

Vanquished Creatures
  2 adders (D:2)
  A worm (D:2)
  A giant gecko (D:2)
  4 bats
  A giant cockroach (D:1)
  4 hobgoblins
  6 kobolds
  2 giant newts (D:2)
  3 goblins
  6 rats
30 creatures vanquished.

Notes
Turn   | Place    | Note
--------------------------------------------------------------
     0 | D:1      | inmateoo, the Vampire Enchanter, began the quest for the Orb.
     0 | D:1      | Reached XP level 1. HP: 13/13 MP: 3/3
   367 | D:1      | Reached XP level 2. HP: 2/19 MP: 0/5
   409 | D:1      | Learned a level 2 spell: Ensorcelled Hibernation
  1324 | D:2      | Reached skill level 5 in Stealth
  1398 | D:2      | Reached XP level 3. HP: 20/24 MP: 3/6
  1500 | D:2      | Reached skill level 5 in Hexes
  1574 | D:2      | Learned a level 3 spell: Confuse
  1617 | D:2      | Noticed Crazy Yiuf
  1631 | D:2      | Mangled by Crazy Yiuf

Action                   || total
-------------------------++-------
Melee: Dagger            ||    87
       Short sword       ||    28
 Cast: Corona            ||     8
       Ensorcelled Hiber ||    15
  Use: Scroll            ||     5
 Stab: Sleeping          ||     9
       Distracted        ||     1
       Invisible         ||     1
  Eat: Corpse            ||     5
